Saguenéens vs Diables
(R1)
Created - April 24, 2018 at 21:53
Goals
|
Saguenéens |
2 |
4 |
1 |
7 |
Diables |
1 |
0 |
1 |
2 |
|
Shots
|
Saguenéens |
8 |
11 |
10 |
29 |
Diables |
10 |
10 |
18 |
38 |
|
1st period
1. Diables , Brandon Prust 37 (Tyler Bozak 65) at 11:30
2. Saguenéens , Teemu Pulkkinen 13 (Jerry D'Amigo 16, Luke Witkowski 30) at 17:28
3. Saguenéens , Mason Raymond 44 (Brett Lebda 33, Zac Rinaldo 72) at 18:17
Penalties :
Borna Rendulic (Alm) for Slashing (Minor) at 5:37, Luke Witkowski (Chi) for Hooking (Minor) at 11:08, Pavel Valentenko (Alm) for Holding (Minor) at 11:20
2nd period
4. Saguenéens , Craig Cunningham 19 (Jerry D'Amigo 17, Rhett Rakhshani 26) at 4:57 (PP)
5. Saguenéens , Brett Lebda 16 (Rhett Rakhshani 27, Craig Cunningham 22) at 7:26
6. Saguenéens , Carson Mcmillan 46 (Brett Lebda 34, Mason Raymond 73) at 8:42 (SH)
7. Saguenéens , Zac Rinaldo 30 (Carson Mcmillan 43, Jake McCabe 33) at 17:14
Penalties :
Pavel Valentenko (Alm) for Roughing (Minor) at 3:03, Nick Mattson (Chi) for Holding (Minor) at 8:33, Louis Leblanc (Alm) for Hooking (Minor) at 12:55, Brandon Prust (Alm) for Fighting (Major) at 17:15, Luke Witkowski (Chi) for Fighting (Major) at 17:15, Alexandre Burrows (Alm) for Hooking (Minor) at 18:02
3rd period
8. Saguenéens , Jake McCabe 4 (Zac Rinaldo 73, Nikita Kucherov 39) at 3:22 (PP)
9. Diables , Brandon Prust 38 (Tyler Bozak 66) at 4:36 (PP)
Penalties :
Keith Seabrook (Alm) for Tripping (Minor) at 2:20, Nikita Kucherov (Chi) for Holding (Minor) at 4:16, Calle Andersson (Chi) for Slashing (Minor) at 6:36, Alexandre Burrows (Alm) for Interference (Minor) at 13:19, Carl Gunnarsson (Alm) for Hooking (Minor) at 18:01
Goalie Stats
Martin Jones (Chi), 36 saves from 38 shots - (0.947), W, 9-11-0, 60:00 minutes
John Gibson (Alm), 11 saves from 15 shots - (0.733), L, 27-21-6, 27:26 minutes
Jean-Francois Berube (Alm), 11 saves from 14 shots - (0.786), 32:34 minutes
Players Stats for Saguenéens
Player Name G A P +/- PIM S H SB GA TA FO MP PP MP PK MP
------------------------------------------------------------------------------------
Brett Lebda 1 2 3 3 0 4 5 2 0 0 0/0 29:35 7:20 2:50
Calle Andersson 0 0 0 0 2 0 1 0 0 0 0/0 11:37 0:12 1:02
Carl Hagelin 0 0 0 0 0 3 1 0 0 0 0/0 15:35 4:59 0:00
Carson Mcmillan 1 1 2 2 0 2 0 3 0 1 6/13 23:35 7:39 2:55
Craig Cunningham 1 1 2 1 0 3 0 1 2 0 1/1 11:57 0:12 0:32
Henrik Samuelsson 0 0 0 1 0 0 1 0 0 0 0/3 10:32 0:00 0:00
Jake McCabe 1 1 2 1 0 2 0 1 0 1 0/0 20:18 5:49 1:40
Jerry D'Amigo 0 2 2 1 0 0 1 0 0 0 0/0 7:24 0:11 0:00
Juraj Mikus 0 0 0 0 0 1 1 2 0 2 4/7 15:35 4:59 0:00
Luke Witkowski 0 1 1 4 7 1 0 3 2 2 0/0 23:35 6:08 2:38
Mason Raymond 1 1 2 2 0 1 2 1 1 1 2/3 23:35 7:39 2:55
Mikhail Grigorenko 0 0 0 1 0 0 0 0 0 0 0/2 7:13 0:00 0:00
Nicholas Walters 0 0 0 0 0 0 0 0 0 0 0/0 1:31 0:00 0:00
Nick Mattson 0 0 0 1 2 0 0 3 0 2 0/0 19:37 5:42 0:50
Nikita Kucherov 0 1 1 0 2 0 1 0 1 0 0/1 17:14 5:11 1:03
Patrick Sieloff 0 0 0 -1 0 0 0 1 0 3 0/0 14:24 1:05 0:00
Rhett Rakhshani 0 2 2 1 0 3 0 0 0 0 0/0 11:34 0:21 0:00
Teemu Pulkkinen 1 0 1 1 0 4 1 0 0 0 0/0 7:45 0:00 0:32
Zac Rinaldo 1 2 3 2 0 5 3 0 1 0 11/35 21:02 7:43 1:03
Players Stats for Diables
Player Name G A P +/- PIM S H SB GA TA FO MP PP MP PK MP
------------------------------------------------------------------------------------
Alexandre Burrows 0 0 0 -2 4 3 2 2 0 0 0/0 18:04 1:58 3:41
Borna Rendulic 0 0 0 0 2 0 0 0 0 0 0/0 6:49 0:00 0:00
Brandon Burlon 0 0 0 -2 0 0 4 2 1 2 0/0 27:51 2:26 7:31
Brandon Prust 2 0 2 -2 5 5 2 1 1 0 0/1 21:27 2:32 5:37
Brian Dumoulin 0 0 0 -2 0 1 0 1 0 0 0/0 10:15 0:00 0:30
Carl Gunnarsson 0 0 0 -2 2 3 0 0 0 1 0/0 27:04 2:26 6:45
Christian Thomas 0 0 0 0 0 1 0 0 0 0 1/1 6:52 0:00 0:09
Craig Smith 0 0 0 -2 0 0 1 0 1 0 0/0 13:06 1:58 0:00
Daniel Zaar 0 0 0 0 0 1 0 0 1 0 0/0 8:41 0:00 0:00
Keith Seabrook 0 0 0 -2 2 3 0 0 0 2 0/0 10:16 0:00 1:19
Kyle Chipchura 0 0 0 0 0 0 0 0 1 0 4/7 9:06 0:00 0:00
Louis Leblanc 0 0 0 0 2 1 1 0 1 0 3/4 10:39 0:00 3:35
Mark Fraser 0 0 0 0 0 4 0 1 1 1 0/0 23:11 2:04 5:31
Pavel Valentenko 0 0 0 0 4 2 1 0 0 0 0/0 21:20 2:03 4:28
Steve Quailer 0 0 0 -3 0 4 3 0 1 0 1/2 20:36 2:32 3:56
Taylor Beck 0 0 0 0 0 1 0 0 1 0 1/1 11:36 0:00 1:15
Tim Schaller 0 0 0 -2 0 3 1 0 1 0 7/12 14:22 1:58 1:16
Tyler Bozak 0 2 2 -2 0 6 3 1 2 1 24/37 23:47 2:32 6:35
3 Stars
1 - Brett Lebda (Chi)
2 - Zac Rinaldo (Chi)
3 - Mason Raymond (Chi)
Power Play
Saguenéens - 2 on 8 Attempt(s) - 25.00%
Diables - 1 on 4 Attempt(s) - 25.00%
Penalty Kill
Saguenéens - 3 on 4 Attempt(s) - 75.00%
- Score 1 goal in Penalty Kill
Diables - 6 on 8 Attempt(s) - 75.00%
- Score 0 goal in Penalty Kill
Team Stat
Saguenéens - Hits : 17 - Faceoff Wins : 24 - Blocked Shots : 17 - Penalty Minutes : 13
Diables - Hits : 18 - Faceoff Wins : 41 - Blocked Shots : 8 - Penalty Minutes : 21
Official
Referees : Devorski Paul and Auger Stephane
Linesman : Derek Nansen and Derek Amell
Game Notes
Jean-Francois Berube enters game at 7:26 of 2nd period
Luke Witkowski beats up Brandon Prust at 17:15 of 2nd period
17:17 of 3rd period - Saguenéens goal is going for a video replay. After video review, No Goal. The puck has entered the net after making contact with an attacking player’s stick that is above the height of the crossbar.
Finance
Level 1 -- Attendance: 1444 (72.20%) -- Ticket Income $57,760
Level 2 -- Attendance: 794 (79.40%) -- Ticket Income $15,880
Total Attendance: 2238 (74.60%)
Total Ticket Income: $73,640
Other Income: $3,682
Total Income: $77,322
Saguenéens
5 vs 5 Forward
Center Left Wing Right Wing Time % Phy DF OF
1 Zac Rinaldo Mason Raymond Carson Mcmillan 40 1 2 2
2 Juraj Mikus Carl Hagelin Nikita Kucherov 30 1 2 2
3 Henrik Samuelsson Craig Cunningham Rhett Rakhshani 20 1 2 2
4 Mikhail Grigorenko Teemu Pulkkinen Jerry D'Amigo 10 1 2 2
5 vs 5 Defense
Defense Defense Time % Phy DF OF
1 Brett Lebda Luke Witkowski 40 1 2 2
2 Jake McCabe Nick Mattson 30 1 2 2
3 Patrick Sieloff Calle Andersson 20 1 2 2
4 Nicholas Walters Brett Lebda 10 1 2 2
PowerPlay Forward
Center Left Wing Right Wing Time % Phy DF OF
1 Zac Rinaldo Mason Raymond Carson Mcmillan 60 1 2 2
2 Juraj Mikus Carl Hagelin Nikita Kucherov 40 1 2 2
PowerPlay Defense
Defense Defense Time % Phy DF OF
1 Brett Lebda Luke Witkowski 60 1 2 2
2 Jake McCabe Nick Mattson 40 1 2 2
Penalty Kill 4 Players Forward
Center Wing Time % Phy DF OF
1 Carson Mcmillan Mason Raymond 60 1 2 2
2 Nikita Kucherov Zac Rinaldo 40 1 2 2
Penalty Kill 4 Players Defense
Defense Defense Time % Phy DF OF
1 Brett Lebda Luke Witkowski 60 1 2 2
2 Jake McCabe Nick Mattson 40 1 2 2
Penalty Kill - 3 Players Forward
Forward Time % Phy DF OF
1 Carson Mcmillan 60 1 2 2
2 Mason Raymond 40 1 2 2
Penalty Kill - 3 Players Defense
Defense Defense Time % Phy DF OF
1 Brett Lebda Luke Witkowski 60 1 2 2
2 Jake McCabe Nick Mattson 40 1 2 2
4 vs 4 Forward
Center Wing Time % Phy DF OF
1 Carson Mcmillan Mason Raymond 60 1 2 2
2 Nikita Kucherov Zac Rinaldo 40 1 2 2
4 vs 4 Defense
Defense Defense Time % Phy DF OF
1 Brett Lebda Luke Witkowski 60 1 2 2
2 Jake McCabe Nick Mattson 40 1 2 2
Last Minutes Offensive
Center Left Wing Right Wing Defense Defense
Zac Rinaldo Mason Raymond Carson Mcmillan Brett Lebda Luke Witkowski
Last Minutes Defensive
Center Left Wing Right Wing Defense Defense
Zac Rinaldo Mason Raymond Carson Mcmillan Brett Lebda Luke Witkowski
Goaltenders
Starting : Martin Jones
Backup : Mike Smith
Extra Forwards
Normal : Rhett Rakhshani, Craig Cunningham, Teemu Pulkkinen - PP : Rhett Rakhshani, Craig Cunningham - PK : Teemu Pulkkinen
Extra Defensemen
Normal : Patrick Sieloff, Calle Andersson, Nicholas Walters - PP : Patrick Sieloff - PK : Calle Andersson, Nicholas Walters
Penalty Shots
Carson Mcmillan, Mason Raymond, Nikita Kucherov, Zac Rinaldo, Carl Hagelin
Scratches
Tanner Richard (Healthy), Brody Sutter (Healthy), Artur Gavrus (Healthy), Garret Sparks (Healthy)
Diables
5 vs 5 Forward
Center Left Wing Right Wing Time % Phy DF OF
1 Tyler Bozak Brandon Prust Steve Quailer 40 1 2 2
2 Tim Schaller Alexandre Burrows Craig Smith 30 1 2 2
3 Kyle Chipchura Taylor Beck Daniel Zaar 20 1 2 2
4 Louis Leblanc Christian Thomas Borna Rendulic 10 1 2 2
5 vs 5 Defense
Defense Defense Time % Phy DF OF
1 Brandon Burlon Carl Gunnarsson 40 1 2 2
2 Mark Fraser Pavel Valentenko 30 1 2 2
3 Brian Dumoulin Keith Seabrook 20 1 2 2
4 Brandon Burlon Carl Gunnarsson 10 1 2 2
PowerPlay Forward
Center Left Wing Right Wing Time % Phy DF OF
1 Tyler Bozak Brandon Prust Steve Quailer 60 1 2 2
2 Tim Schaller Alexandre Burrows Craig Smith 40 1 2 2
PowerPlay Defense
Defense Defense Time % Phy DF OF
1 Brandon Burlon Carl Gunnarsson 60 1 2 2
2 Mark Fraser Pavel Valentenko 40 1 2 2
Penalty Kill 4 Players Forward
Center Wing Time % Phy DF OF
1 Tyler Bozak Brandon Prust 60 1 2 2
2 Alexandre Burrows Steve Quailer 40 1 2 2
Penalty Kill 4 Players Defense
Defense Defense Time % Phy DF OF
1 Brandon Burlon Carl Gunnarsson 60 1 2 2
2 Mark Fraser Pavel Valentenko 40 1 2 2
Penalty Kill - 3 Players Forward
Forward Time % Phy DF OF
1 Tyler Bozak 60 1 2 2
2 Brandon Prust 40 1 2 2
Penalty Kill - 3 Players Defense
Defense Defense Time % Phy DF OF
1 Brandon Burlon Carl Gunnarsson 60 1 2 2
2 Mark Fraser Pavel Valentenko 40 1 2 2
4 vs 4 Forward
Center Wing Time % Phy DF OF
1 Tyler Bozak Brandon Prust 60 1 2 2
2 Alexandre Burrows Steve Quailer 40 1 2 2
4 vs 4 Defense
Defense Defense Time % Phy DF OF
1 Brandon Burlon Carl Gunnarsson 60 1 2 2
2 Mark Fraser Pavel Valentenko 40 1 2 2
Last Minutes Offensive
Center Left Wing Right Wing Defense Defense
Tyler Bozak Brandon Prust Steve Quailer Brandon Burlon Carl Gunnarsson
Last Minutes Defensive
Center Left Wing Right Wing Defense Defense
Tyler Bozak Brandon Prust Steve Quailer Brandon Burlon Carl Gunnarsson
Goaltenders
Starting : John Gibson
Backup : Jean-Francois Berube
Extra Forwards
Normal : Taylor Beck, Kyle Chipchura, Louis Leblanc - PP : Taylor Beck, Kyle Chipchura - PK : Louis Leblanc
Extra Defensemen
Normal : Brian Dumoulin, Keith Seabrook, Mark Fraser - PP : Brian Dumoulin - PK : Keith Seabrook, Mark Fraser
Penalty Shots
Tyler Bozak, Brandon Prust, Alexandre Burrows, Steve Quailer, Craig Smith
Scratches
Gemel Smith (Healthy), Jamie Oleksiak (Healthy), Matt Lindblad (Healthy), Adam Clendening (Healthy), Eric Karlsson (Healthy)
Brett Ritchie (Healthy), Blake Coleman (Healthy), Andrew O'Brien (Healthy), Marc-André Bourdon (Healthy), Linus Ullmark (Healthy)
% Time on Ice - Saguenéens
Lines # - Real PCT - Wanted PCT - Time Play
Normal Forward
1 - 30% - 40% - 12:18
2 - 26% - 30% - 10:38
3 - 26% - 20% - 10:32
4 - 18% - 10% - 7:13
Normal Defense
1 - 42% - 40% - 17:01
2 - 29% - 30% - 11:55
3 - 25% - 20% - 10:14
4 - 4% - 10% - 1:31
PP Forward
1 - 60% - 60% - 7:51
2 - 40% - 40% - 5:11
PP Defense
1 - 59% - 60% - 7:39
2 - 41% - 40% - 5:23
PK Forward
1 - 77% - 60% - 3:27
2 - 23% - 40% - 1:03
PK Defense
1 - 63% - 60% - 2:50
2 - 37% - 40% - 1:40
PK3 Forward
1 - 0% - 60%
2 - 0% - 40%
PK3 Defense
1 - 0% - 60%
2 - 0% - 40%
44 Forward
1 - 79% - 60% - 1:24
2 - 21% - 40% - 0:23
44 Defense
1 - 59% - 60% - 1:03
2 - 41% - 40% - 0:44
Last Minute Offensive - 0:00
Last Minute Defensive - 0:00
Total
Forward - 60:00
Defense - 60:00
|
% Time on Ice - Diables
Lines # - Real PCT - Wanted PCT - Time Play
Normal Forward
1 - 34% - 40% - 13:47
2 - 28% - 30% - 11:30
3 - 21% - 20% - 8:41
4 - 17% - 10% - 6:43
Normal Defense
1 - 40% - 40% - 16:10
2 - 36% - 30% - 14:49
3 - 22% - 20% - 8:58
4 - 2% - 10% - 0:44
PP Forward
1 - 56% - 60% - 2:32
2 - 44% - 40% - 1:58
PP Defense
1 - 54% - 60% - 2:26
2 - 46% - 40% - 2:04
PK Forward
1 - 67% - 60% - 8:43
2 - 33% - 40% - 4:19
PK Defense
1 - 58% - 60% - 7:31
2 - 42% - 40% - 5:31
PK3 Forward
1 - 0% - 60%
2 - 0% - 40%
PK3 Defense
1 - 0% - 60%
2 - 0% - 40%
44 Forward
1 - 64% - 60% - 1:09
2 - 36% - 40% - 0:38
44 Defense
1 - 56% - 60% - 1:00
2 - 44% - 40% - 0:47
Last Minute Offensive - 0:00
Last Minute Defensive - 0:00
Total
Forward - 60:00
Defense - 60:00
|
Play by Play
1st period
0:01 of 1st period - Tyler Bozak wins face-off versus Carson Mcmillan in neutral zone.
1:10 of 1st period - Wrist shot by Christian Thomas.
1:10 of 1st period - Stopped by Martin Jones without a rebound.
1:11 of 1st period - Zac Rinaldo wins face-off versus Louis Leblanc in Saguenéens zone.
1:20 of 1st period - Wrist shot by Mason Raymond.
1:20 of 1st period - Shot Misses the Net.
1:22 of 1st period - Wrist shot by Zac Rinaldo.
1:22 of 1st period - Stopped by John Gibson with a rebound.
2:02 of 1st period - Snap shot by Tim Schaller.
2:02 of 1st period - Shot Misses the Net.
2:04 of 1st period - Slapshot by Mark Fraser.
2:04 of 1st period - Stopped by Martin Jones without a rebound.
2:05 of 1st period - Kyle Chipchura wins face-off versus Zac Rinaldo in Saguenéens zone.
2:22 of 1st period - Keith Seabrook is hit by Brett Lebda and loses puck.
3:05 of 1st period - Craig Smith is hit by Teemu Pulkkinen.
3:37 of 1st period - Wrist shot by Mason Raymond.
3:37 of 1st period - Shot Misses the Net.
4:01 of 1st period - Wrist shot by Nikita Kucherov.
4:01 of 1st period - Shot Misses the Net.
4:08 of 1st period - Off-side.
4:09 of 1st period - Juraj Mikus wins face-off versus Tim Schaller in neutral zone.
4:12 of 1st period - Snap shot by Nikita Kucherov.
4:12 of 1st period - Shot Misses the Net.
4:47 of 1st period - Wrist shot by Henrik Samuelsson.
4:47 of 1st period - Shot Misses the Net.
5:05 of 1st period - Jerry D'Amigo is hit by Brandon Burlon.
5:15 of 1st period - Brandon Burlon is hit by Mason Raymond and loses puck.
5:37 of 1st period - Minor Penalty to Borna Rendulic for Slashing.
5:38 of 1st period - Tyler Bozak wins face-off versus Zac Rinaldo in Diables zone.
7:16 of 1st period - Tyler Bozak is hit by Brett Lebda and loses puck.
7:37 of 1st period - Penalty to Borna Rendulic is over, Borna Rendulic is back on ice.
7:41 of 1st period - Wrist shot by Louis Leblanc.
7:41 of 1st period - Shot Misses the Net.
7:43 of 1st period - Snap shot by Alexandre Burrows.
7:43 of 1st period - Deflect By Louis Leblanc.
7:43 of 1st period - Shot Misses the Net.
7:43 of 1st period - Puck is out of play.
7:44 of 1st period - Zac Rinaldo wins face-off versus Kyle Chipchura in Saguenéens zone.
8:03 of 1st period - Patrick Sieloff is hit by Alexandre Burrows and loses puck.
8:37 of 1st period - Snap shot by Taylor Beck.
8:37 of 1st period - Shot Blocked by Juraj Mikus.
8:39 of 1st period - Slapshot by Kyle Chipchura.
8:39 of 1st period - Shot Misses the Net.
8:41 of 1st period - Slapshot by Keith Seabrook.
8:41 of 1st period - Stopped by Martin Jones with a rebound.
9:15 of 1st period - Snap shot by Teemu Pulkkinen.
9:15 of 1st period - Shot Misses the Net.
9:35 of 1st period - Slapshot by Alexandre Burrows.
9:35 of 1st period - Shot Misses the Net.
9:45 of 1st period - Snap shot by Rhett Rakhshani.
9:45 of 1st period - Deflect By Craig Cunningham.
9:45 of 1st period - Shot Misses the Net.
9:45 of 1st period - Puck is out of play.
9:46 of 1st period - Kyle Chipchura wins face-off versus Henrik Samuelsson in Diables zone.
9:59 of 1st period - Kyle Chipchura is hit by Henrik Samuelsson and loses puck.
10:12 of 1st period - Snap shot by Alexandre Burrows.
10:12 of 1st period - Stopped by Martin Jones with a rebound.
10:40 of 1st period - Wrist shot by Tyler Bozak.
10:40 of 1st period - Stopped by Martin Jones with a rebound.
11:08 of 1st period - Minor Penalty to Luke Witkowski for Hooking.
11:09 of 1st period - Carson Mcmillan wins face-off versus Brandon Prust in Saguenéens zone.
11:09 of 1st period - Carson Mcmillan is hit by Tyler Bozak.
11:20 of 1st period - Minor Penalty to Pavel Valentenko for Holding.
11:21 of 1st period - Tyler Bozak wins face-off versus Carson Mcmillan in Diables zone.
11:30 of 1st period - Snap shot by Brandon Prust.
11:30 of 1st period - Goal by Brandon Prust - Saguenéens : 0 - Diables : 1.
11:31 of 1st period - Tyler Bozak wins face-off versus Carson Mcmillan in neutral zone.
11:36 of 1st period - Brett Lebda is hit by Tyler Bozak and loses puck.
13:08 of 1st period - Penalty to Luke Witkowski is over, Luke Witkowski is back on ice.
13:20 of 1st period - Penalty to Pavel Valentenko is over, Pavel Valentenko is back on ice.
13:26 of 1st period - Off-side.
13:27 of 1st period - Christian Thomas wins face-off versus Mikhail Grigorenko in neutral zone.
13:39 of 1st period - Slapshot by Jerry D'Amigo.
13:39 of 1st period - Shot Misses the Net.
13:41 of 1st period - Snap shot by Teemu Pulkkinen.
13:41 of 1st period - Stopped by John Gibson without a rebound.
13:42 of 1st period - Carson Mcmillan wins face-off versus Tyler Bozak in Diables zone.
13:43 of 1st period - Snap shot by Zac Rinaldo.
13:43 of 1st period - Stopped by John Gibson without a rebound.
13:44 of 1st period - Tyler Bozak wins face-off versus Zac Rinaldo in Diables zone.
13:44 of 1st period - Tyler Bozak is hit by Zac Rinaldo.
13:52 of 1st period - Snap shot by Carson Mcmillan.
13:52 of 1st period - Shot Misses the Net.
13:54 of 1st period - Wrist shot by Brett Lebda.
13:54 of 1st period - Shot Misses the Net.
14:17 of 1st period - Slapshot by Carl Hagelin.
14:17 of 1st period - Stopped by John Gibson without a rebound.
14:18 of 1st period - Juraj Mikus wins face-off versus Tim Schaller in Diables zone.
14:19 of 1st period - Wrist shot by Carl Hagelin.
14:19 of 1st period - Stopped by John Gibson with a rebound.
14:46 of 1st period - Wrist shot by Tim Schaller.
14:46 of 1st period - Shot Misses the Net.
15:02 of 1st period - Snap shot by Alexandre Burrows.
15:02 of 1st period - Stopped by Martin Jones without a rebound.
15:03 of 1st period - Zac Rinaldo wins face-off versus Tyler Bozak in Saguenéens zone.
15:17 of 1st period - Snap shot by Tyler Bozak.
15:17 of 1st period - Shot Misses the Net.
15:19 of 1st period - Snap shot by Brandon Prust.
15:19 of 1st period - Stopped by Martin Jones with a rebound.
15:29 of 1st period - Wrist shot by Rhett Rakhshani.
15:29 of 1st period - Stopped by John Gibson with a rebound.
16:23 of 1st period - Brett Lebda is hit by Alexandre Burrows and loses puck.
17:06 of 1st period - Snap shot by Borna Rendulic.
17:06 of 1st period - Shot Misses the Net.
17:08 of 1st period - Slapshot by Louis Leblanc.
17:08 of 1st period - Shot Blocked by Brett Lebda.
17:24 of 1st period - Slapshot by Luke Witkowski.
17:24 of 1st period - Shot Blocked by Brian Dumoulin.
17:26 of 1st period - Wrist shot by Jerry D'Amigo.
17:26 of 1st period - Shot Misses the Net.
17:28 of 1st period - Snap shot by Teemu Pulkkinen.
17:28 of 1st period - Goal by Teemu Pulkkinen - Saguenéens : 1 - Diables : 1.
17:29 of 1st period - Tyler Bozak wins face-off versus Zac Rinaldo in neutral zone.
17:45 of 1st period - Icing by Mason Raymond.
17:46 of 1st period - Tim Schaller wins face-off versus Zac Rinaldo in Saguenéens zone.
17:47 of 1st period - Slapshot by Alexandre Burrows.
17:47 of 1st period - Stopped by Martin Jones with a rebound.
17:50 of 1st period - Icing by Carson Mcmillan.
17:51 of 1st period - Tim Schaller wins face-off versus Mason Raymond in Saguenéens zone.
17:52 of 1st period - Snap shot by Alexandre Burrows.
17:52 of 1st period - Deflect By Craig Smith.
17:52 of 1st period - Shot Blocked by Nick Mattson.
17:52 of 1st period - Puck is out of play.
17:53 of 1st period - Tim Schaller wins face-off versus Zac Rinaldo in Saguenéens zone.
18:06 of 1st period - Wrist shot by Alexandre Burrows.
18:06 of 1st period - Deflect By Craig Smith.
18:06 of 1st period - Shot Misses the Net.
18:06 of 1st period - Puck is out of play.
18:07 of 1st period - Zac Rinaldo wins face-off versus Tyler Bozak in Saguenéens zone.
18:07 of 1st period - Zac Rinaldo is hit by Steve Quailer.
18:17 of 1st period - Snap shot by Mason Raymond.
18:17 of 1st period - Goal by Mason Raymond - Saguenéens : 2 - Diables : 1.
18:18 of 1st period - Tyler Bozak wins face-off versus Zac Rinaldo in neutral zone.
18:30 of 1st period - Wrist shot by Zac Rinaldo.
18:30 of 1st period - Shot Misses the Net.
18:32 of 1st period - Slapshot by Luke Witkowski.
18:32 of 1st period - Shot Blocked by Brandon Burlon.
18:34 of 1st period - Wrist shot by Zac Rinaldo.
18:34 of 1st period - Shot Misses the Net.
19:46 of 1st period - Snap shot by Mason Raymond.
19:46 of 1st period - Deflect By Carson Mcmillan.
19:46 of 1st period - Shot Misses the Net.
19:46 of 1st period - Puck is out of play.
19:47 of 1st period - Tyler Bozak wins face-off versus Zac Rinaldo in Diables zone.
19:56 of 1st period - Wrist shot by Tyler Bozak.
19:56 of 1st period - Stopped by Martin Jones without a rebound.
19:57 of 1st period - Tyler Bozak wins face-off versus Zac Rinaldo in Saguenéens zone.
Goals for this period are 2 for Saguenéens vs 1 for Diables.
Shots for this period are 8 for Saguenéens vs 10 for Diables.
2nd period
0:01 of 2nd period - Tyler Bozak wins face-off versus Zac Rinaldo in neutral zone.
0:26 of 2nd period - Brandon Burlon is hit by Brett Lebda and loses puck.
0:35 of 2nd period - Snap shot by Alexandre Burrows.
0:35 of 2nd period - Shot Misses the Net.
0:37 of 2nd period - Slapshot by Tim Schaller.
0:37 of 2nd period - Stopped by Martin Jones without a rebound.
0:38 of 2nd period - Kyle Chipchura wins face-off versus Zac Rinaldo in Saguenéens zone.
0:41 of 2nd period - Snap shot by Taylor Beck.
0:41 of 2nd period - Shot Blocked by Carson Mcmillan.
1:05 of 2nd period - Mark Fraser is hit by Nikita Kucherov and loses puck.
1:32 of 2nd period - Nick Mattson is hit by Tim Schaller and loses puck.
1:47 of 2nd period - Snap shot by Louis Leblanc.
1:47 of 2nd period - Shot Misses the Net.
1:53 of 2nd period - Snap shot by Brett Lebda.
1:53 of 2nd period - Stopped by John Gibson without a rebound.
1:54 of 2nd period - Zac Rinaldo wins face-off versus Tyler Bozak in Diables zone.
2:01 of 2nd period - Snap shot by Mason Raymond.
2:01 of 2nd period - Deflect By Zac Rinaldo.
2:01 of 2nd period - Shot Misses the Net.
2:01 of 2nd period - Puck is out of play.
2:02 of 2nd period - Tyler Bozak wins face-off versus Zac Rinaldo in Diables zone.
2:13 of 2nd period - Snap shot by Tyler Bozak.
2:13 of 2nd period - Shot Misses the Net.
2:15 of 2nd period - Snap shot by Steve Quailer.
2:15 of 2nd period - Shot Blocked by Carson Mcmillan.
2:17 of 2nd period - Slapshot by Carl Gunnarsson.
2:17 of 2nd period - Stopped by Martin Jones with a rebound.
2:55 of 2nd period - Wrist shot by Rhett Rakhshani.
2:55 of 2nd period - Stopped by John Gibson with a rebound.
2:57 of 2nd period - Slapshot by Brett Lebda.
2:57 of 2nd period - Deflect By Kyle Chipchura.
2:57 of 2nd period - Stopped by John Gibson with a rebound.
3:03 of 2nd period - Minor Penalty to Pavel Valentenko for Roughing.
3:04 of 2nd period - Zac Rinaldo wins face-off versus Tyler Bozak in Diables zone.
3:05 of 2nd period - Snap shot by Mason Raymond.
3:05 of 2nd period - Shot Misses the Net.
4:23 of 2nd period - Brett Lebda is hit by Brandon Burlon.
4:53 of 2nd period - Wrist shot by Rhett Rakhshani.
4:53 of 2nd period - Shot Misses the Net.
4:55 of 2nd period - Wrist shot by Jerry D'Amigo.
4:55 of 2nd period - Shot Misses the Net.
4:57 of 2nd period - Slapshot by Craig Cunningham.
4:57 of 2nd period - Goal by Craig Cunningham - Saguenéens : 3 - Diables : 1.
4:58 of 2nd period - Juraj Mikus wins face-off versus Kyle Chipchura in neutral zone.
5:21 of 2nd period - Icing by Carl Hagelin.
5:22 of 2nd period - Juraj Mikus wins face-off versus Tim Schaller in Saguenéens zone.
5:22 of 2nd period - Juraj Mikus is hit by Pavel Valentenko.
5:48 of 2nd period - Rhett Rakhshani is hit by Brandon Prust and loses puck.
5:55 of 2nd period - Slapshot by Jake McCabe.
5:55 of 2nd period - Stopped by John Gibson with a rebound.
6:07 of 2nd period - Slapshot by Pavel Valentenko.
6:07 of 2nd period - Stopped by Martin Jones with a rebound.
6:15 of 2nd period - Mark Fraser is hit by Juraj Mikus and loses puck.
6:52 of 2nd period - Wrist shot by Brandon Prust.
6:52 of 2nd period - Deflect By Tyler Bozak.
6:52 of 2nd period - Stopped by Martin Jones with a rebound.
6:54 of 2nd period - Wrist shot by Pavel Valentenko.
6:54 of 2nd period - Shot Blocked by Carson Mcmillan.
6:56 of 2nd period - Slapshot by Mark Fraser.
6:56 of 2nd period - Shot Misses the Net.
6:58 of 2nd period - Snap shot by Steve Quailer.
6:58 of 2nd period - Shot Misses the Net.
7:00 of 2nd period - Snap shot by Steve Quailer.
7:00 of 2nd period - Stopped by Martin Jones with a rebound.
7:10 of 2nd period - Wrist shot by Craig Smith.
7:10 of 2nd period - Shot Blocked by Nick Mattson.
7:12 of 2nd period - Wrist shot by Alexandre Burrows.
7:12 of 2nd period - Deflect By Craig Smith.
7:12 of 2nd period - Shot Blocked by Craig Cunningham.
7:12 of 2nd period - Puck is out of play.
7:13 of 2nd period - Tim Schaller wins face-off versus Henrik Samuelsson in Saguenéens zone.
7:24 of 2nd period - Slapshot by Rhett Rakhshani.
7:24 of 2nd period - Stopped by John Gibson with a rebound.
7:26 of 2nd period - Slapshot by Brett Lebda.
7:26 of 2nd period - Goal by Brett Lebda - Saguenéens : 4 - Diables : 1.
7:26 of 2nd period - Jean-Francois Berube enters game.
7:27 of 2nd period - Tyler Bozak wins face-off versus Zac Rinaldo in neutral zone.
7:30 of 2nd period - Snap shot by Tyler Bozak.
7:30 of 2nd period - Stopped by Martin Jones with a rebound.
7:32 of 2nd period - Wrist shot by Brandon Burlon.
7:32 of 2nd period - Shot Blocked by Brett Lebda.
7:34 of 2nd period - Slapshot by Brandon Prust.
7:34 of 2nd period - Shot Misses the Net.
7:36 of 2nd period - Slapshot by Carl Gunnarsson.
7:36 of 2nd period - Shot Blocked by Mason Raymond.
7:38 of 2nd period - Wrist shot by Steve Quailer.
7:38 of 2nd period - Shot Misses the Net.
7:42 of 2nd period - Slapshot by Steve Quailer.
7:42 of 2nd period - Shot Misses the Net.
8:27 of 2nd period - Snap shot by Taylor Beck.
8:27 of 2nd period - Shot Misses the Net.
8:33 of 2nd period - Minor Penalty to Nick Mattson for Holding.
8:34 of 2nd period - Mason Raymond wins face-off versus Tyler Bozak in Saguenéens zone.
8:34 of 2nd period - Mason Raymond is hit by Brandon Burlon.
8:42 of 2nd period - Wrist shot by Carson Mcmillan.
8:42 of 2nd period - Goal by Carson Mcmillan - Saguenéens : 5 - Diables : 1.
8:43 of 2nd period - Tyler Bozak wins face-off versus Carson Mcmillan in neutral zone.
8:58 of 2nd period - Wrist shot by Tyler Bozak.
8:58 of 2nd period - Shot Misses the Net.
9:52 of 2nd period - Slapshot by Jake McCabe.
9:52 of 2nd period - Shot Misses the Net.
10:04 of 2nd period - Tim Schaller is hit by Calle Andersson.
10:33 of 2nd period - Penalty to Nick Mattson is over, Nick Mattson is back on ice.
11:39 of 2nd period - Slapshot by Carl Hagelin.
11:39 of 2nd period - Stopped by Jean-Francois Berube without a rebound.
11:40 of 2nd period - Kyle Chipchura wins face-off versus Nikita Kucherov in Diables zone.
12:27 of 2nd period - Jerry D'Amigo is hit by Steve Quailer and loses puck.
12:55 of 2nd period - Minor Penalty to Louis Leblanc for Hooking.
12:56 of 2nd period - Mason Raymond wins face-off versus Tyler Bozak in Diables zone.
13:28 of 2nd period - Nikita Kucherov is hit by Steve Quailer.
13:32 of 2nd period - Wrist shot by Nikita Kucherov.
13:32 of 2nd period - Shot Blocked by Alexandre Burrows.
14:55 of 2nd period - Penalty to Louis Leblanc is over, Louis Leblanc is back on ice.
14:57 of 2nd period - Icing by Mason Raymond.
14:58 of 2nd period - Craig Cunningham wins face-off versus Kyle Chipchura in Saguenéens zone.
15:09 of 2nd period - Snap shot by Kyle Chipchura.
15:09 of 2nd period - Shot Misses the Net.
15:11 of 2nd period - Slapshot by Brian Dumoulin.
15:11 of 2nd period - Shot Misses the Net.
15:13 of 2nd period - Wrist shot by Daniel Zaar.
15:13 of 2nd period - Shot Blocked by Patrick Sieloff.
15:25 of 2nd period - Christian Thomas is hit by Jerry D'Amigo and loses puck.
16:04 of 2nd period - Wrist shot by Brandon Prust.
16:04 of 2nd period - Stopped by Martin Jones with a rebound.
16:21 of 2nd period - Snap shot by Taylor Beck.
16:21 of 2nd period - Shot Blocked by Luke Witkowski.
16:23 of 2nd period - Slapshot by Mark Fraser.
16:23 of 2nd period - Shot Misses the Net.
16:25 of 2nd period - Wrist shot by Taylor Beck.
16:25 of 2nd period - Stopped by Martin Jones with a rebound.
16:27 of 2nd period - Slapshot by Mark Fraser.
16:27 of 2nd period - Stopped by Martin Jones with a rebound.
16:29 of 2nd period - Snap shot by Taylor Beck.
16:29 of 2nd period - Shot Blocked by Luke Witkowski.
16:47 of 2nd period - Wrist shot by Teemu Pulkkinen.
16:47 of 2nd period - Stopped by Jean-Francois Berube without a rebound.
16:48 of 2nd period - Tyler Bozak wins face-off versus Mikhail Grigorenko in Diables zone.
16:59 of 2nd period - Mikhail Grigorenko is hit by Tyler Bozak and loses puck.
17:14 of 2nd period - Wrist shot by Zac Rinaldo.
17:14 of 2nd period - Goal by Zac Rinaldo - Saguenéens : 6 - Diables : 1.
17:15 of 2nd period - Tyler Bozak wins face-off versus Carson Mcmillan in neutral zone.
17:15 of 2nd period - Luke Witkowski beats up Brandon Prust.
17:15 of 2nd period - Penalty to Brandon Prust for Fighting.
17:15 of 2nd period - Penalty to Luke Witkowski for Fighting.
17:16 of 2nd period - Taylor Beck wins face-off versus Zac Rinaldo in neutral zone.
17:25 of 2nd period - Wrist shot by Steve Quailer.
17:25 of 2nd period - Stopped by Martin Jones with a rebound.
17:27 of 2nd period - Slapshot by Steve Quailer.
17:27 of 2nd period - Shot Misses the Net.
18:02 of 2nd period - Minor Penalty to Alexandre Burrows for Hooking.
18:03 of 2nd period - Tyler Bozak wins face-off versus Zac Rinaldo in Diables zone.
18:55 of 2nd period - Carson Mcmillan is hit by Louis Leblanc and loses puck.
19:46 of 2nd period - Steve Quailer is hit by Carl Hagelin and loses puck.
Goals for this period are 4 for Saguenéens vs 0 for Diables.
Shots for this period are 11 for Saguenéens vs 10 for Diables.
3rd period
0:01 of 3rd period - Tyler Bozak wins face-off versus Zac Rinaldo in neutral zone.
0:02 of 3rd period - Penalty to Alexandre Burrows is over, Alexandre Burrows is back on ice.
0:11 of 3rd period - Slapshot by Brett Lebda.
0:11 of 3rd period - Stopped by Jean-Francois Berube with a rebound.
0:13 of 3rd period - Slapshot by Brett Lebda.
0:13 of 3rd period - Deflect By Mason Raymond.
0:13 of 3rd period - Shot Blocked by Alexandre Burrows.
0:13 of 3rd period - Puck is out of play.
0:14 of 3rd period - Steve Quailer wins face-off versus Zac Rinaldo in Diables zone.
0:30 of 3rd period - Off-side.
0:31 of 3rd period - Tim Schaller wins face-off versus Juraj Mikus in neutral zone.
0:40 of 3rd period - Brandon Burlon is hit by Brett Lebda and loses puck.
0:47 of 3rd period - Wrist shot by Carl Hagelin.
0:47 of 3rd period - Shot Misses the Net.
0:57 of 3rd period - Wrist shot by Craig Cunningham.
0:57 of 3rd period - Stopped by Jean-Francois Berube with a rebound.
1:21 of 3rd period - Tyler Bozak is hit by Zac Rinaldo and loses puck.
2:02 of 3rd period - Pavel Valentenko is hit by Brett Lebda and loses puck.
2:07 of 3rd period - Wrist shot by Kyle Chipchura.
2:07 of 3rd period - Shot Blocked by Juraj Mikus.
2:09 of 3rd period - Slapshot by Mark Fraser.
2:09 of 3rd period - Deflect By Brett Lebda.
2:09 of 3rd period - Stopped by Martin Jones without a rebound.
2:10 of 3rd period - Zac Rinaldo wins face-off versus Steve Quailer in Saguenéens zone.
2:20 of 3rd period - Minor Penalty to Keith Seabrook for Tripping.
2:21 of 3rd period - Tyler Bozak wins face-off versus Zac Rinaldo in Diables zone.
2:31 of 3rd period - Wrist shot by Tyler Bozak.
2:31 of 3rd period - Shot Misses the Net.
3:22 of 3rd period - Slapshot by Jake McCabe.
3:22 of 3rd period - Goal by Jake McCabe - Saguenéens : 7 - Diables : 1.
3:23 of 3rd period - Tim Schaller wins face-off versus Zac Rinaldo in neutral zone.
4:00 of 3rd period - Slapshot by Rhett Rakhshani.
4:00 of 3rd period - Shot Misses the Net.
4:02 of 3rd period - Snap shot by Rhett Rakhshani.
4:02 of 3rd period - Shot Misses the Net.
4:14 of 3rd period - Wrist shot by Steve Quailer.
4:14 of 3rd period - Stopped by Martin Jones with a rebound.
4:16 of 3rd period - Minor Penalty to Nikita Kucherov for Holding.
4:17 of 3rd period - Tyler Bozak wins face-off versus Carson Mcmillan in Saguenéens zone.
4:32 of 3rd period - Wrist shot by Tyler Bozak.
4:32 of 3rd period - Deflect By Mason Raymond.
4:32 of 3rd period - Stopped by Martin Jones without a rebound.
4:33 of 3rd period - Tyler Bozak wins face-off versus Carson Mcmillan in Saguenéens zone.
4:34 of 3rd period - Wrist shot by Brandon Prust.
4:34 of 3rd period - Shot Misses the Net.
4:36 of 3rd period - Wrist shot by Brandon Prust.
4:36 of 3rd period - Goal by Brandon Prust - Saguenéens : 7 - Diables : 2.
4:37 of 3rd period - Zac Rinaldo wins face-off versus Tyler Bozak in neutral zone.
4:50 of 3rd period - Wrist shot by Carson Mcmillan.
4:50 of 3rd period - Shot Blocked by Tyler Bozak.
4:52 of 3rd period - Slapshot by Luke Witkowski.
4:52 of 3rd period - Stopped by Jean-Francois Berube without a rebound.
4:53 of 3rd period - Tim Schaller wins face-off versus Juraj Mikus in Diables zone.
5:06 of 3rd period - Slapshot by Craig Smith.
5:06 of 3rd period - Shot Misses the Net.
5:08 of 3rd period - Slapshot by Carl Gunnarsson.
5:08 of 3rd period - Stopped by Martin Jones with a rebound.
5:22 of 3rd period - Snap shot by Tyler Bozak.
5:22 of 3rd period - Shot Blocked by Luke Witkowski.
5:24 of 3rd period - Slapshot by Pavel Valentenko.
5:24 of 3rd period - Stopped by Martin Jones with a rebound.
5:26 of 3rd period - Wrist shot by Mark Fraser.
5:26 of 3rd period - Stopped by Martin Jones with a rebound.
5:28 of 3rd period - Slapshot by Tyler Bozak.
5:28 of 3rd period - Shot Misses the Net.
5:38 of 3rd period - Snap shot by Louis Leblanc.
5:38 of 3rd period - Stopped by Martin Jones with a rebound.
5:40 of 3rd period - Slapshot by Keith Seabrook.
5:40 of 3rd period - Stopped by Martin Jones with a rebound.
5:42 of 3rd period - Snap shot by Borna Rendulic.
5:42 of 3rd period - Shot Misses the Net.
5:44 of 3rd period - Slapshot by Brian Dumoulin.
5:44 of 3rd period - Stopped by Martin Jones without a rebound.
5:45 of 3rd period - Louis Leblanc wins face-off versus Henrik Samuelsson in Saguenéens zone.
5:52 of 3rd period - Snap shot by Louis Leblanc.
5:52 of 3rd period - Shot Misses the Net.
6:00 of 3rd period - Snap shot by Louis Leblanc.
6:00 of 3rd period - Shot Blocked by Jake McCabe.
6:02 of 3rd period - Slapshot by Keith Seabrook.
6:02 of 3rd period - Shot Blocked by Nick Mattson.
6:04 of 3rd period - Snap shot by Keith Seabrook.
6:04 of 3rd period - Stopped by Martin Jones without a rebound.
6:05 of 3rd period - Tyler Bozak wins face-off versus Zac Rinaldo in Saguenéens zone.
6:08 of 3rd period - Wrist shot by Brandon Prust.
6:08 of 3rd period - Shot Misses the Net.
6:10 of 3rd period - Snap shot by Tyler Bozak.
6:10 of 3rd period - Stopped by Martin Jones with a rebound.
6:12 of 3rd period - Slapshot by Carl Gunnarsson.
6:12 of 3rd period - Stopped by Martin Jones with a rebound.
6:14 of 3rd period - Snap shot by Steve Quailer.
6:14 of 3rd period - Stopped by Martin Jones with a rebound.
6:30 of 3rd period - Carl Hagelin is hit by Craig Smith and loses puck.
6:36 of 3rd period - Minor Penalty to Calle Andersson for Slashing.
6:37 of 3rd period - Carson Mcmillan wins face-off versus Tyler Bozak in Saguenéens zone.
7:09 of 3rd period - Wrist shot by Tim Schaller.
7:09 of 3rd period - Stopped by Martin Jones without a rebound.
7:10 of 3rd period - Carson Mcmillan wins face-off versus Tim Schaller in Saguenéens zone.
7:45 of 3rd period - Wrist shot by Tim Schaller.
7:45 of 3rd period - Stopped by Martin Jones without a rebound.
7:46 of 3rd period - Carson Mcmillan wins face-off versus Tyler Bozak in Saguenéens zone.
8:36 of 3rd period - Penalty to Calle Andersson is over, Calle Andersson is back on ice.
10:12 of 3rd period - Wrist shot by Carson Mcmillan.
10:12 of 3rd period - Shot Misses the Net.
10:14 of 3rd period - Wrist shot by Calle Andersson.
10:14 of 3rd period - Shot Misses the Net.
11:42 of 3rd period - Snap shot by Teemu Pulkkinen.
11:42 of 3rd period - Stopped by Jean-Francois Berube with a rebound.
11:44 of 3rd period - Slapshot by Jerry D'Amigo.
11:44 of 3rd period - Deflect By Taylor Beck.
11:44 of 3rd period - Shot Misses the Net.
11:44 of 3rd period - Puck is out of play.
11:45 of 3rd period - Carson Mcmillan wins face-off versus Tyler Bozak in Diables zone.
11:46 of 3rd period - Wrist shot by Zac Rinaldo.
11:46 of 3rd period - Stopped by Jean-Francois Berube without a rebound.
11:47 of 3rd period - Zac Rinaldo wins face-off versus Tyler Bozak in Diables zone.
11:54 of 3rd period - Luke Witkowski is hit by Brandon Prust and loses puck.
12:38 of 3rd period - Snap shot by Brandon Prust.
12:38 of 3rd period - Stopped by Martin Jones with a rebound.
13:13 of 3rd period - Snap shot by Henrik Samuelsson.
13:13 of 3rd period - Shot Misses the Net.
13:15 of 3rd period - Wrist shot by Craig Cunningham.
13:15 of 3rd period - Stopped by Jean-Francois Berube without a rebound.
13:16 of 3rd period - Zac Rinaldo wins face-off versus Tim Schaller in Diables zone.
13:17 of 3rd period - Snap shot by Carson Mcmillan.
13:17 of 3rd period - Deflect By Zac Rinaldo.
13:17 of 3rd period - Stopped by Jean-Francois Berube with a rebound.
13:19 of 3rd period - Minor Penalty to Alexandre Burrows for Interference.
13:20 of 3rd period - Louis Leblanc wins face-off versus Zac Rinaldo in Diables zone.
13:28 of 3rd period - Off-side.
13:29 of 3rd period - Louis Leblanc wins face-off versus Zac Rinaldo in neutral zone.
13:38 of 3rd period - Taylor Beck is hit by Mason Raymond and loses puck.
13:49 of 3rd period - Slapshot by Jake McCabe.
13:49 of 3rd period - Shot Blocked by Brandon Prust.
14:07 of 3rd period - Wrist shot by Carson Mcmillan.
14:07 of 3rd period - Stopped by Jean-Francois Berube without a rebound.
14:08 of 3rd period - Tyler Bozak wins face-off versus Juraj Mikus in Diables zone.
15:19 of 3rd period - Penalty to Alexandre Burrows is over, Alexandre Burrows is back on ice.
15:32 of 3rd period - Wrist shot by Rhett Rakhshani.
15:32 of 3rd period - Shot Misses the Net.
15:56 of 3rd period - Wrist shot by Daniel Zaar.
15:56 of 3rd period - Stopped by Martin Jones with a rebound.
16:39 of 3rd period - Snap shot by Nikita Kucherov.
16:39 of 3rd period - Shot Misses the Net.
17:13 of 3rd period - Slapshot by Juraj Mikus.
17:13 of 3rd period - Shot Blocked by Brandon Burlon.
17:17 of 3rd period - Snap shot by Juraj Mikus.
17:17 of 3rd period - Saguenéens goal is going for a video replay.
17:17 of 3rd period - The goal is refused. The puck has entered the net after making contact with an attacking player’s stick that is above the height of the crossbar..
17:18 of 3rd period - Tyler Bozak wins face-off versus Zac Rinaldo in Diables zone.
17:29 of 3rd period - Mason Raymond is hit by Brandon Burlon and loses puck.
18:01 of 3rd period - Minor Penalty to Carl Gunnarsson for Hooking.
18:02 of 3rd period - Tyler Bozak wins face-off versus Zac Rinaldo in Diables zone.
18:02 of 3rd period - Tyler Bozak is hit by Zac Rinaldo.
18:46 of 3rd period - Icing by Luke Witkowski.
18:47 of 3rd period - Zac Rinaldo wins face-off versus Tyler Bozak in Saguenéens zone.
19:43 of 3rd period - Wrist shot by Mason Raymond.
19:43 of 3rd period - Shot Blocked by Mark Fraser.
Goals for this period are 1 for Saguenéens vs 1 for Diables.
Shots for this period are 10 for Saguenéens vs 18 for Diables.
Back to the Top